 Dungeon Crawl Stone Soup version 0.27-a0-1312-g5cdb2b3542 (webtiles) character file.

Game seed: 13427438735611364252

2005 bilbop the Sneak (level 9, -6/52 HPs)
             Began as a Kobold Summoner on June 19, 2021.
             Was a Follower of Yredelemnul.
             Killed from afar by Maggie (27 damage)
             ... with a bolt of fire
             ... on level 7 of the Dungeon.
             The game lasted 00:47:30 (7841 turns).

bilbop the Sneak (Kobold Summoner)                  Turns: 7841, Time: 00:47:30

Health: -6/52      AC:  9    Str:  5    XL:     9   Next: 45%
Magic:  1/25       EV: 32    Int: 18    God:    Yredelemnul [*.....]
Gold:   288        SH:  0    Dex: 17    Spells: 11/17 levels left

rFire    . . .     SeeInvis .   a - +4 dagger (drain)
rCold    . . .     Faith    .   (shield restricted)
rNeg     . . .     Spirit   .   c - +2 robe {Will+}
rPois    +         Reflect  .   s - +0 helmet
rElec    .         Harm     .   b - +0 cloak
rCorr    .         Rampage  .   p - +2 pair of gloves
Will     +....                  (no boots)
Stlth    ++++......             i - amulet of the acrobat
HPRegen  0.17/turn              f - ring of magical power
MPRegen  0.19/turn              l - ring of poison resistance

@: about to teleport, marked, acrobatic
A: small, no large weapons, nightstalker 3
a: Renounce Religion, Animate Remains


You were on level 7 of the Dungeon.
You worshipped Yredelemnul.
Yredelemnul was aware of your devotion.
You visited 2 branches of the dungeon, and saw 8 of its levels.

You collected 288 gold pieces.

Inventory:

Hand Weapons
 a - a +4 dagger of draining (weapon)
 r - a +2 dagger of venom
Missiles
 g - 68 bolts
Armour
 b - a +0 cloak (worn)
 c - a +2 robe of willpower (worn)
 h - a +3 leather armour
 p - a +2 pair of gloves (worn)
 s - a +0 helmet (worn)
Jewellery
 f - a ring of magical power (left hand)
 i - an amulet of the acrobat (around neck)
 l - a ring of poison resistance (right hand)
 t - a ring of flight
Wands
 o - a wand of iceblast (9)
 u - a wand of charming (10)
Scrolls
 d - a scroll of enchant weapon
 e - 3 scrolls of fog
 k - a scroll of teleportation
 m - 2 scrolls of magic mapping
Potions
 j - 2 potions of curing {unknown}
 n - a potion of degeneration {unknown}
 q - a potion of berserk rage {unknown}


   Skills:
 + Level 4.3 Fighting
 + Level 5.2 Short Blades
 + Level 4.7 Crossbows
 + Level 5.5 Dodging
 + Level 6.4 Stealth
 + Level 4.7 Spellcasting
 + Level 5.7 Summonings
 + Level 4.2 Invocations


You had 11 spell levels left.
You knew the following spells:

 Your Spells              Type           Power      Damage    Failure   Level
a - Summon Small Mammal   Summ           100%       N/A       1%          1
b - Call Imp              Summ           25%        N/A       1%          2
c - Call Canine Familiar  Summ           25%        N/A       3%          3

Your spell library contained the following spells:

 Spells                   Type           Power      Damage    Failure   Level
 Summon Guardian Golem    Hex/Summ       14%        N/A       13%         3
 Animate Skeleton         Necr           8%         N/A       14%         1
 Pain                     Necr           16%        1d4       14%         1
 Ignite Poison            Fire/Tmut/Pois 4%         N/A       38%         3
 Vampiric Draining        Necr           2%         2d6       38%         3
 Summon Ice Beast         Ice/Summ       14%        N/A       38%         4
 Summon Lightning Spire   Summ/Air       14%        N/A       38%         4
 Animate Dead             Necr           2%         N/A       80%         4
 Agony                    Necr           4%         N/A       98%         5
 Fireball                 Conj/Fire      2%         3d4       98%         5
 Starburst                Conj/Fire      2%         8x6d3     100%        6
 Ignition                 Fire           2%         3d3       100%        8


Dungeon Overview and Level Annotations

Branches:
Dungeon (7/15)             Temple (1/1) D:4

Altars:
Ashenzari
Cheibriados
Dithmenos
Elyvilon
Fedhas
Gozag
Kikubaaqudgha
Nemelex Xobeh
Okawaru
Qazlal
Ru
Sif Muna
Trog
Uskayaw
Vehumet
Wu Jian
Xom
Yredelemnul
Zin
The Shining One

Shops:
D:5 *   D:6 :

Annotations:
D:3 2 transporters
D:7 1 runed translucent door, Crazy Yiuf, Maggie, Prince Ribbit


Innate Abilities, Weirdness & Mutations

You are small and have problems with some larger weapons.
You are completely attuned to the shadows.


Message History

Yredelemnul accepts your kill. The killer bee stings your hound.
Your hound is poisoned.
The killer bee poisons your hound!
Your hound misses the killer bee.
Your white imp closely misses the killer bee.
The killer bee stings your hound.
Your hound looks even sicker.
The killer bee poisons your hound!
Casting: Call Imp (safe; 1% risk of failure)
Confirm with . or Enter, or press ? or * to list all spells.
A beastly little devil appears in a puff of flame.
Your hound misses the killer bee. The killer bee stings your hound.
Prince Ribbit comes into view.
Your crimson imp barely misses the killer bee.
Your white imp closely misses the killer bee.
The killer bee stings your hound.
Your hound dies!
Your hound's corpse disappears in a puff of smoke!
The killer bee buzzes angrily.
The killer bee completely misses you.
Your crimson imp blinks!
Your white imp misses the killer bee.
The killer bee completely misses you.
Maggie the Vainglorious comes into view.
She is wielding a +0 glaive.
As you read the scroll of teleportation, it crumbles to dust.
You feel strangely unstable.
The killer bee stings you but does no damage.
Your white imp hits the killer bee.
The killer bee dies!
Yredelemnul accepts your kill.
Maggie gives herself a magical halo, but it quickly sputters out.
Casting: Call Imp (safe; 1% risk of failure)
Confirm with . or Enter, or press ? or * to list all spells.
Prince Ribbit hits you but does no damage.
Your crimson imp completely misses Prince Ribbit. x2
Prince Ribbit completely misses you.
Your quokka misses Prince Ribbit. Maggie gestures at you while chanting.
The bolt of fire hits you!!
Ouch! That really hurt!
You die...
Your body rises from the dead as a mindless zombie.

#....⌠.....⌠.
#............
#..#.#.
##########
#......
#.........
..#####
#.######## ..#
#### #.# #.# ....
###.# #.#
##########.#.# .#
#.)r@..#.5.#.#
#..5F5†@.#.#.#
#....5.....#.#
#......##..#.#
#......##..#)#
#......##..#.####
#...)....
##.#.....
...#.####


You could see Maggie, Prince Ribbit (ally target), 2 friendly crimson imps, a
friendly white imp (summoned) and a friendly quokka (summoned).

Vanquished Creatures
  Menkaure (D:5)
  A sky beast (D:7)
  A necrophage (D:4)
  A centaur (D:7)
  An ogre (D:7)
  A phantom (D:6)
  A bullfrog (D:7)
  A water moccasin skeleton (D:5)
  3 wights (D:6)
  2 killer bees (D:7)
  2 centaur zombies
  A hound (D:5)
  2 orc priests
  An iguana (D:5)
  A bullfrog skeleton (D:7)
  8 adders
  A shadow imp (D:6)
  7 dart slugs
  3 orcs
  A bat (D:2)
  An endoplasm (D:2)
  2 giant cockroaches
  6 goblins
  2 hobgoblins
  2 jackals (D:4)
  5 quokkas
  2 ball pythons (D:2)
  2 frilled lizards (D:3)
  6 kobolds
  5 rats
73 creatures vanquished.

Vanquished Creatures (collateral kills)
  4 yaks (D:6)
  A sky beast (D:6)
  2 ice beasts
  2 necrophages
  An ogre (D:5)
  2 killer bees (D:7)
  A howler monkey (D:2)
  2 hounds
  Jessica (D:2)
  3 iguanas
  3 orc wizards
  A mummy (D:3)
  An adder (D:2)
  5 dart slugs
  3 orcs
  3 endoplasms (D:1)
  3 goblins
  2 kobolds (D:1)
  3 bats
  2 frilled lizards
  A rat (D:2)
46 creatures vanquished.

Grand Total: 119 creatures vanquished

Notes
Turn   | Place    | Note
-------+----------+-------------------------------------------
     0 | D:1      | bilbop the Kobold Summoner began the quest for the Orb.
     0 | D:1      | Reached XP level 1. HP: 10/10 MP: 3/3
   365 | D:1      | Reached XP level 2. HP: 2/15 MP: 1/5
  1088 | D:1      | Reached skill level 3 in Stealth
  1297 | D:2      | Learned a level 2 spell: Call Imp
  1411 | D:2      | Noticed a necrophage
  1428 | D:2      | Killed a necrophage
  1429 | D:2      | Reached skill level 1 in Fighting
  1429 | D:2      | Reached skill level 1 in Short Blades
  1429 | D:2      | Reached skill level 1 in Crossbows
  1429 | D:2      | Reached skill level 1 in Invocations
  1429 | D:2      | Reached XP level 3. HP: 10/20 MP: 6/6
  1429 | D:2      | Reached XP level 4. HP: 12/25 MP: 7/7
  1943 | D:2      | Reached XP level 5. HP: 24/29 MP: 9/9
  2023 | D:2      | Noticed Jessica
  2031 | D:2      | Killed Jessica
  2150 | D:2      | Found a faded altar of an unknown god.
  2474 | D:3      | Found a radiant altar of Vehumet.
  2477 | D:3      | Noticed an ogre
  2478 | D:3      | Found a transporter.
  2480 | D:3      | Noticed a black bear
  2489 | D:3      | Found a transporter.
  2877 | D:3      | Found a snail-covered altar of Cheibriados.
  3283 | D:3      | Found a shimmering altar of Xom.
  3283 | D:3      | Found a hide-covered altar of Uskayaw.
  3646 | D:4      | Reached XP level 6. HP: 35/35 MP: 10/10
  4058 | D:4      | Identified the +9 long sword "Pezaili" {vorpal, rF+ Str+3}
  4070 | D:4      | Found a sparkling altar of Nemelex Xobeh.
  4179 | D:4      | Reached skill level 4 in Stealth
  4240 | D:4      | Noticed a necrophage
  4254 | D:4      | Killed a necrophage
  4423 | D:4      | Found a staircase to the Ecumenical Temple.
  4429 | Temple   | Entered the Ecumenical Temple
  4503 | Temple   | Became a worshipper of Yredelemnul the Dark
  4747 | D:5      | Entered Level 5 of the Dungeon
  4750 | D:5      | Noticed an ice beast
  4763 | D:5      | Killed an ice beast
  4764 | D:5      | Reached XP level 7. HP: 40/40 MP: 12/12
  4768 | D:5      | Learned a level 3 spell: Call Canine Familiar
  4987 | D:5      | Found an opulent altar of Gozag.
  4987 | D:5      | Found Gozag's Platinum Reserve.
  5646 | D:5      | Noticed Menkaure
  5650 | D:5      | Killed Menkaure
  5651 | D:5      | Reached XP level 8. HP: 46/46 MP: 13/13
  5711 | D:5      | Found a sacrificial altar of Ru.
  5928 | D:6      | Reached skill level 5 in Stealth
  5984 | D:6      | Reached skill level 5 in Summonings
  6174 | D:6      | Noticed a yak
  6175 | D:6      | Noticed a yak
  6175 | D:6      | Noticed a yak
  6177 | D:6      | Noticed a yak
  6252 | D:6      | Killed a yak
  6296 | D:6      | Found a broken altar of Ashenzari.
  6297 | D:6      | Noticed a yak
  6311 | D:6      | Noticed a yak
  6348 | D:6      | Killed a yak
  6507 | D:6      | Killed a yak
  6830 | D:6      | Killed a yak
  7158 | D:6      | Reached skill level 5 in Dodging
  7158 | D:6      | Reached XP level 9. HP: 52/52 MP: 15/15
  7405 | D:6      | Found a glowing golden altar of the Shining One.
  7459 | D:6      | Found Rucanudu's Book Shop.
  7555 | D:6      | Found a shadowy altar of Dithmenos.
  7575 | D:7      | Reached skill level 6 in Stealth
  7628 | D:7      | Found a white marble altar of Elyvilon.
  7634 | D:7      | Reached skill level 5 in Short Blades
  7737 | D:7      | Found a runed translucent door.
  7740 | D:7      | Noticed Crazy Yiuf
  7817 | D:7      | Reached * piety under Yredelemnul
  7837 | D:7      | Noticed Prince Ribbit
  7838 | D:7      | Noticed Maggie
  7841 | D:7      | Killed from afar by Maggie

Illustrated notes

Levels and vault maps discovered:
D:1:      co_arrival_random_square_maze, layout_rooms
D:2:      layout_loops_ring, hellmonk_ecumenical_altar_inner_sanctum,
          st_stairs_8, chequers_serial_rivers_micro_b, uniq_jessica
D:3:      layout_loops_corners, slow_altar_1, gammafunk_temple_overflow_arena,
          st_stairs_6, dk_noncrumbling_4
D:4:      layout_loops_ring, kennysheep_mini, temple_pool_b, abandoned_shop,
          minmay_misc_feat_cross, minmay_misc_feat_nine_boxes
D:5:      layout_cave_pods, kennysheep_mini_moat,
          nicolae_gozag_zags_fifth_avenue, uniq_menkaure
D:6:      layout_basic, nicolae_tso_swordbearing_angel, grunt_dithmenos_shadows,
          cheibrodos_ashenzari_chains, serial_shops,
          nicolae_shop_window_shopping
D:7:      layout_loops_ring, elyvilon_altar_5, serial_co_window_serial,
          co_window_paths_a, co_window_corner_a, co_window_cross_1,
          co_window_corner_a, co_window_of_opportunity_a, co_window_broadway_a,
          co_window_of_opportunity_b, co_window_corner_cb,
          co_window_unsneaky_path_c, co_window_paths_d, uniq_crazy_yiuf_cottage,
          uniq_maggie, uniq_prince_ribbit1
Temple:   dpeg_three_leaves_temple

Skill      XL: |  1  2  3  4  5  6  7  8  9 |
---------------+----------------------------+-----
Stealth        | 3 4 5 6 |  6.4
Fighting       | 1 2 3 4 |  4.3
Short Blades   | 1 2 3 4 5 |  5.2
Crossbows      | 1 2 3 4 |  4.7
Invocations    | 1 2 3 4 |  4.2
Dodging        | 3 4 5 |  5.5
Spellcasting   | 3 4 |  4.7
Summonings     | 5 |  5.7

Action                   |  1- 3 |  4- 6 |  7- 9 || total
-------------------------+-------+-------+-------++-------
Melee: Unarmed           |    33 |       |       ||    33
       Dagger            |     7 |   136 |    80 ||   223
 Cast: Summon Small Mamm |    29 |    10 |     3 ||    42
       Call Imp          |     3 |    32 |    47 ||    82
       Call Canine Famil |       |       |    31 ||    31
  Use: Scroll            |       |     6 |     4 ||    10
 Stab: Sleeping          |     4 |    15 |    17 ||    36
       Distracted        |       |     2 |     2 ||     4
Armor: Robe              |    10 |    34 |    30 ||    74
Dodge: Dodged            |    39 |    83 |   105 ||   227

Table legend: (Time is in decaauts)
 A = Elapsed time spent in this place.
 B = Non-inter-level travel time spent in this place.
 C = Inter-level travel time spent in this place.
 D = Time resting spent in this place.
 E = Time spent auto-exploring this place.
 F = Levels seen in this place.
 G = Mean time per level.
                   A        B        C        D        E       F      G
               +--------+--------+--------+--------+--------+-----+--------+
         Total |   7813 |   7428 |    385 |    726 |   5416 |   8 |  976.6 |
       Dungeon |   7725 |   7354 |    371 |    726 |   5345 |   7 | 1103.6 |
        Temple |     87 |     73 |     14 |      0 |     71 |   1 |   87.0 |
               +--------+--------+--------+--------+--------+-----+--------+

Top non-repeatable levels by time:
     D:6: 1661 daAuts
     D:1: 1287 daAuts
     D:2: 1163 daAuts
     D:5: 1152 daAuts
     D:4: 1129 daAuts
     D:3: 1068 daAuts
     D:7: 263 daAuts
  Temple: 87 daAuts
